 Dungeon Crawl Stone Soup version 0.22-a0-283-g1871b15 (webtiles) character file.

263 lilbarb the Charmwright (level 6, -3/30 HPs)
             Began as a Vine Stalker Skald on Mar 18, 2018.
             Slain by Sigmund
             ... wielding a +2 vampiric scythe
              (9 damage)
             ... on level 3 of the Dungeon.
             The game lasted 00:22:47 (1977 turns).

lilbarb the Charmwright (Vine Stalker Skald)        Turns: 1977, Time: 00:22:48

Health: -3/30      AC:  3    Str: 14    XL:     6   Next: 19%
Magic:  0/10       EV: 11    Int: 15    God:
Gold:   34         SH:  5    Dex: 13    Spells: 3/9 levels left

rFire    . . .     SeeInvis .   h - +2 short sword (speed)
rCold    . . .     Gourm    .   g - +1 buckler
rNeg     . . .     Faith    .   b - +0 leather armour
rPois    .         Spirit   +   (no helmet)
rElec    .         Reflect  .   (no cloak)
rCorr    .         Harm     .   (no gloves)
MR       .....                  (no boots)
Stlth    ++........             (no amulet)
HPRegen  0.50/turn              (no ring)
MPRegen  0.12/turn              (no ring)

@: about to teleport, infused (expiring), very slightly contaminated
A: fangs 2, regeneration 1, magic shield, antimagic bite, no potion heal 3, rot
immunity
a: no special abilities


You were on level 3 of the Dungeon.
You were not hungry.

You visited 1 branch of the dungeon, and saw 3 of its levels.

You collected 34 gold pieces.

Inventory:

Hand Weapons
 h - a +2 short sword of speed (weapon)
Missiles
 f - 3 javelins (quivered)
 i - 7 tomahawks of dispersal
Armour
 b - a +0 leather armour (worn)
 g - a +1 buckler (worn)
Scrolls
 a - a scroll of enchant armour
 k - a scroll of noise {unknown}
 m - a scroll of remove curse
 n - a scroll of enchant weapon {unknown}
 p - a scroll of amnesia {unknown}
Comestibles
 d - 5 rations


   Skills:
 - Level 1.7 Fighting
 + Level 2.9 Short Blades
 - Level 0.7 Armour
 - Level 1.5 Dodging
 + Level 3.2 Stealth
 + Level 2.1 Shields
 - Level 2.1 Spellcasting
 * Level 4.8 Charms


You had 3 spell levels left.
You knew the following spells:

 Your Spells              Type           Power        Failure   Level  Hunger
a - Infusion              Chrm           ###.         4%          1    #......
b - Song of Slaying       Chrm           ###.....     8%          2    ###....
c - Spectral Weapon       Hex/Chrm       #.......     36%         3    ###....


Dungeon Overview and Level Annotations

Branches:
Dungeon (3/15)

Altars:
Xom

Annotations:
D:3 Sigmund


Innate Abilities, Weirdness & Mutations

You have extremely sharp teeth.
Your natural rate of healing is unusually fast.
When hurt, damage is shared between your health and your magic reserves.
Your bite disrupts and absorbs the magic of your enemies.
Potions cannot restore your health.
You are immune to rotting.


Message History

Sigmund flickers and vanishes!
Deactivating autopickup; reactivate with Ctrl-A.
You closely miss something. Your bite misses something.
You hear some strange, mumbled words.
A magic dart appears from out of thin air!
The magic dart hits you!
* * * LOW HITPOINT WARNING * * *
You block something's attack.
Something tries to affect you, but you resist.
As you read the scroll labeled IRUIX GENTOI, it crumbles to dust.
It is a scroll of enchant armour.
Your +0 buckler glows green for a moment.
As you read the scroll labeled KAOQAN LAOL, it crumbles to dust.
It is a scroll of identify.
m - a scroll of remove curse Your magical infusion is running out.
As you read the scroll labeled JOBOKE OMIE, it crumbles to dust.
You feel strangely unstable.
It was a scroll of teleportation.
Something hits you!
You die...

##......#######.#
#............>.#
#......#########
#......# #.######
#.# #.# #.#
####### #### #.#
#..@..# .....
#.## #.#####
#.#.#.#.###.####
#....###.......#
#...#..##.####
...#...###.###
######.##......
#....#### #._..#


There were no monsters in sight!

Vanquished Creatures
  Grinder (D:3)
  An ooze (D:2)
  A worm (D:2)
  2 dart slugs (D:1)
  A leopard gecko (D:1)
  3 orcs (D:3)
  5 bats
  2 giant cockroaches (D:1)
  6 goblins
  4 hobgoblins
  2 jackals (D:1)
  6 frilled lizards
  5 kobolds
  9 rats
48 creatures vanquished.

Notes
Turn   | Place    | Note
-------+----------+-------------------------------------------
     0 | D:1      | lilbarb the Vine Stalker Skald began the quest for the Orb.
     0 | D:1      | Reached XP level 1. HP: 11/11 MP: 4/4
   333 | D:1      | Reached XP level 2. HP: 15/15 MP: 1/6
   408 | D:1      | Reached skill level 1 in Stealth
   522 | D:1      | Learned a level 2 spell: Song of Slaying
   682 | D:1      | Reached XP level 3. HP: 15/18 MP: 2/7
  1113 | D:2      | Learned a level 3 spell: Spectral Weapon
  1151 | D:2      | Upgraded the game from 0.22-a0-282-gdd34a7d to 0.22-a0-283-g1871b15
  1161 | D:2      | Reached skill level 1 in Shields
  1711 | D:3      | Gained mutation: Your natural rate of healing is unusually fast. [Vine Stalker growth]
  1711 | D:3      | Reached XP level 4. HP: 23/23 MP: 5/8
  1841 | D:3      | Noticed Grinder
  1848 | D:3      | Paralysed by Grinder for 3 turns
  1869 | D:3      | Killed Grinder
  1869 | D:3      | Reached skill level 4 in Charms
  1869 | D:3      | Reached XP level 5. HP: 18/26 MP: 4/9
  1869 | D:3      | Reached XP level 6. HP: 20/30 MP: 4/10
  1950 | D:3      | Found a shimmering altar of Xom.
  1951 | D:3      | Noticed Sigmund
  1977 | D:3      | Slain by Sigmund

Vault maps used:
D:1:      dpeg_arrival_arbitrary_a, minmay_misc_feat_room
D:3:      minmay_roachtagon, xom_butterflies, uniq_grinder, uniq_sigmund,
          uniq_jessica, uniq_terence, uniq_crazy_yiuf_cottage

Skill      XL: |  1  2  3  4 |
---------------+-------------+-----
Short Blades   | 2 |  2.9
Stealth        | 1 3 |  3.2
Shields        | 1 2 |  2.1
Charms         | 4 |  4.8
Fighting       | |  1.7
Armour         | |  0.7
Dodging        | |  1.5
Spellcasting   | |  2.1

Action                   |  1- 3 |  4- 6 || total
-------------------------+-------+-------++-------
Melee: Short sword       |   111 |    40 ||   151
       Bite              |    23 |     8 ||    31
 Cast: Infusion          |    13 |     2 ||    15
       Song of Slaying   |     2 |       ||     2
  Use: Potion            |       |     2 ||     2
       Scroll            |       |     3 ||     3
 Stab: Sleeping          |     2 |       ||     2
  Eat: Chunk             |     3 |     1 ||     4
Armor: Leather armour    |    17 |     2 ||    19
       Skin              |       |     6 ||     6
Dodge: Dodged            |    41 |     4 ||    45
Block: Buckler           |     9 |     4 ||    13

Table legend:
 A = Spawn XP
 B = Non-spawn XP
 C = Spawn XP percentage of total XP
 D = Spawn monster count
 E = Non-spawn monster count
 F = Spawn count percentage of total count
 G = Total turns spent on level
                    A         B        C        D         E        F      G
               +---------+---------+-------+---------+---------+-------+---------
         Total |       0 |     376 |   0.0 |       0 |      48 |   0.0 |  1977
               +---------+---------+-------+---------+---------+-------+---------
           D:1 |       0 |      47 |   0.0 |       0 |      26 |   0.0 |  1108
           D:2 |       0 |      32 |   0.0 |       0 |      17 |   0.0 |   499
           D:3 |       0 |     297 |   0.0 |       0 |       5 |   0.0 |   370
               +---------+---------+-------+---------+---------+-------+---------
